 Dungeon Crawl Stone Soup version 0.17.1-1-g73c8601 (webtiles) character file.

405 zhaorenw the Sneak (level 6, 0/33 HPs)
             Began as a Vine Stalker Assassin on Jan 4, 2016.
             Slain by a gnoll
             ... wielding a +0 spear
              (10 damage)
             ... on level 3 of the Dungeon.
             The game lasted 00:07:18 (2223 turns).

zhaorenw the Sneak (Vine Stalker Assassin)          Turns: 2223, Time: 00:07:18

Health: 0/33       AC:  3    Str: 13    XL:     6   Next: 87%
Magic:  0/7        EV:  6    Int: 11    God:
Gold:   138        SH:  0    Dex: 18    Spells: 0 memorised, 5 levels left

rFire  + . .     SeeInvis .     h - +2 dagger (speed)
rCold  . . .     Clarity  .     c - +0 robe
rNeg   . . .     SustAt   .     (no shield)
rPois  .         Gourm    .     (no helmet)
rElec  .         Spirit   +     d - +0 cloak
rCorr  .         Warding  .     (no gloves)
rMut   .         Stasis   .     (no boots)
MR     .....                    (no amulet)
Stlth  +++++.....               u - ring of stealth {Stlth+}
                                i - ring of protection from fire {rF+, !d}

@: held, not resistant to hostile enchantments, quite stealthy
A: fangs 2, regeneration 2, magic shield, antimagic bite, no device heal 3, rot
immunity
a: no special abilities


You were on level 3 of the Dungeon.
You were not hungry.

You visited 1 branch of the dungeon, and saw 3 of its levels.

You collected 138 gold pieces.

Inventory:

Hand Weapons
 b - a +0 blowgun
 h - a +2 dagger of speed (weapon)
   (You found it on level 2 of the Dungeon)
 t - a +0 dagger of protection
   (You took it off a kobold on level 1 of the Dungeon)
 w - a +2 dagger of venom
   (You took it off a goblin on level 1 of the Dungeon)
Missiles
 e - 7 poisoned needles
 f - 2 curare-tipped needles
Armour
 c - a +0 robe (worn)
 d - a +0 cloak (worn)
Jewellery
 a - an uncursed ring of teleportation {+/*tele, !d}
   (You found it on level 2 of the Dungeon)
 i - a ring of protection from fire (left hand) {rF+, !d}
   (You found it on level 1 of the Dungeon)
 u - a ring of stealth (right hand) {Stlth+}
   (You found it on level 1 of the Dungeon)
 z - an uncursed ring of positive energy {rN+}
   (You found it on level 2 of the Dungeon)
Scrolls
 j - 2 scrolls of teleportation
 k - a scroll of enchant weapon {unknown}
 o - a scroll of noise {unknown}
 r - a scroll of enchant armour {unknown}
Potions
 l - a potion of lignification {unknown}
 p - 2 potions of resistance
 q - 4 potions of haste
 s - a potion of agility
 x - a potion of flight {unknown}
 B - a potion of heal wounds
Comestibles
 g - 4 bread rations {@e1}
 m - 5 chunks of flesh {@w0}
 v - 2 meat rations {@e2}
 A - 3 fruits


   Skills:
 + Level 3.9 Fighting
 + Level 4.0 Short Blades
 - Level 1.7 Throwing
 - Level 0.7 Dodging
 - Level 7.1 Stealth


You had 5 spell levels left.
You didn't know any spells.

Dungeon Overview and Level Annotations

Branches:
Dungeon (3/15)

Altars:


Innate Abilities, Weirdness & Mutations

You have extremely sharp teeth.
You heal very quickly.
When hurt, damage is shared between your health and your magic reserves.
Your bite disrupts and absorbs the magic of your enemies.
Potions and wands cannot restore your health.
You are immune to rotting.


Message History

You kill the hobgoblin!
MP restored: 7 You see here a hobgoblin corpse.
You butcher the hobgoblin corpse.
m - 2 chunks of flesh {@w0} Health restored: 33 You see here the felid corpse of Natasha.
You butcher the felid corpse of Natasha.
m - 4 chunks of flesh {@w0} (gained 2)
There isn't anything here!
You see here a club.
g - 3 bread rations {@e1} (gained 1)
You now have 122 gold pieces (gained 15).
A rat comes into view.
The helpless rat fails to defend itself.
You stick the rat like a pincushion!!!
You kill the rat!
No target in view!
You see here a rat corpse.
You butcher the rat corpse.
m - 5 chunks of flesh {@w0} (gained 1) Unknown command.
You now have 138 gold pieces (gained 16).
An adder comes into view.
The helpless adder fails to defend itself.
You perforate the adder like a sieve!!!
You kill the adder!
No target in view!
Found a stone staircase leading down.
No target in view!
g - 4 bread rations {@e1} (gained 1)
You see here a shortbow.
No target in view! 3 jackals and 2 gnolls come into view.
The jackal barks!
A jackal comes into view.
The gnoll shouts!
The jackal moves out of view.
You see here 23 stones.
The jackal barks!
You hit the jackal.
You kill the jackal!
The gnoll shouts!
The jackal barks!
You hear a bark!
The jackal closely misses you. The jackal closely misses you.
You hit the jackal but do no damage. You bite the jackal. You drain its power.
The jackal misses you.
You hit the jackal.
You kill the jackal!
Your Short Blades skill increases to level 4!
The jackal bites you but does no damage.
The jackal closely misses you.
You hit the jackal but do no damage.
The jackal bites you but does no damage.
You hit the jackal. Your bite misses the jackal. The gnoll closely misses you.
You hit the jackal. Your bite misses the jackal.
The jackal bites you but does no damage.
You closely miss the jackal. You bite the jackal, but do no damage.
The jackal completely misses you.
The gnoll hits you from afar with a spear.
The gnoll closely misses you.
You take 4 damage, and have 29/33 hp.
You now have 6/7 mp.
You barely miss the jackal. Your bite misses the jackal.
The jackal bites you but does no damage.
Unknown command.
You hit the jackal.
You kill the jackal!
The gnoll barely misses you. The gnoll closely misses you.
The jackal closely misses you. The gnoll barely misses you.
The gnoll barely misses you.
You hit the gnoll but do no damage. The jackal barely misses you.
You hit the gnoll. Your bite misses the gnoll.
The gnoll hits you but does no damage. The gnoll hits you with a spear!
The jackal bites you but does no damage.
You take 7 damage, and have 23/33 hp.
MASSIVE DAMAGE!!
You now have 4/7 mp.
You closely miss the gnoll. You hit the gnoll. The jackal closely misses you.
The gnoll hits you with a spear! The gnoll barely misses you.
You take 6 damage, and have 18/33 hp.
You now have 3/7 mp.
You barely miss the gnoll. The jackal misses you.
Unknown command.
The gnoll closely misses you. The gnoll barely misses you.
The jackal bites you but does no damage.
The gnoll throws a throwing net.
The throwing net hits you.
You become entangled in the net!
The jackal closely misses you.
You see here a throwing net {=f, !d}.
You struggle against the net.
The jackal barely misses you.
The gnoll hits you from afar with a spear!
The gnoll hits you but does no damage.
You take 7 damage, and have 13/33 hp.
MASSIVE DAMAGE!!
You now have 2/7 mp.
You struggle against the net.
The jackal bites you.
The gnoll hits you from afar with a spear.
The jackal bites you but does no damage.
The gnoll hits you from afar with a spear!
You die...

..........##.##.# #.#
...†......##.##.# #.#
..........##.##.# #.#
.............##.# #.#
................## #.#
.#..........#.#..####.##
.########...#.#........#
.# ##.#.##.###...# .#
#...##@###...# .#
#....h....####
.###########)...gg..#
.............#......#
................#####.
.......#####..........
##### ##..######. #
#.######.###### #
#.....†(>..g....


You could see 2 gnolls and a jackal.

Vanquished Creatures
  Grinder (D:3)
  An ogre (D:3)
  Natasha (D:3)
  2 adders
  3 giant geckos
  5 giant cockroaches
  13 goblins
  10 hobgoblins
  5 jackals
  7 kobolds
  3 quokkas
  6 bats
  3 giant newts
  8 rats
68 creatures vanquished.

Notes
Turn   | Place    | Note
--------------------------------------------------------------
     0 | D:1      | zhaorenw the Vine Stalker Assassin began the quest for the Orb.
     0 | D:1      | Reached XP level 1. HP: 11/11 MP: 2/2
    22 | D:1      | HP: 2/11 [goblin/club (3)]
    83 | D:1      | Reached skill level 5 in Stealth
   147 | D:1      | Reached XP level 2. HP: 12/15 MP: 3/3
   558 | D:1      | Reached skill level 6 in Stealth
   622 | D:1      | Reached XP level 3. HP: 15/18 MP: 2/4
  1574 | D:2      | Reached XP level 4. HP: 16/23 MP: 5/5
  1642 | D:2      | Reached skill level 7 in Stealth
  1723 | D:3      | Noticed an ogre
  1830 | D:3      | Killed an ogre
  1830 | D:3      | Reached skill level 2 in Fighting
  1830 | D:3      | Reached skill level 2 in Short Blades
  1830 | D:3      | Reached XP level 5. HP: 17/27 MP: 4/6
  1988 | D:3      | Noticed Grinder
  1994 | D:3      | Paralysed by Grinder for 4 turns
  2003 | D:3      | Killed Grinder
  2003 | D:3      | Reached skill level 3 in Fighting
  2003 | D:3      | Reached skill level 3 in Short Blades
  2003 | D:3      | Gained mutation: You heal very quickly. [Vine Stalker growth]
  2003 | D:3      | Reached XP level 6. HP: 30/33 MP: 7/7
  2012 | D:3      | Noticed Natasha
  2020 | D:3      | Killed Natasha
  2204 | D:3      | Reached skill level 4 in Short Blades
  2223 | D:3      | Slain by a gnoll

Action                   |  1- 3 |  4- 6 || total
-------------------------+-------+-------++-------
Melee: Dagger            |   163 |    64 ||   227
 Fire: Blowgun           |       |     3 ||     3
  Use: Scroll            |     1 |     7 ||     8
 Stab: Sleeping          |     7 |     7 ||    14
  Eat: Chunk             |     2 |     1 ||     3
       Fruit             |       |     1 ||     1

Vault maps used:
D:1:      saegor_arrival_simple_e
D:3:      lemuel_castle_with_subvaults, first_bread, uniq_natasha, uniq_grinder

Table legend:
 A = Turns spent in this place as a percentage of turns spent in the entire game.
 B = Non-inter-level travel turns spent in this place as a percentage of non-inter-level travel turns spent in the entire game.
 C = Inter-level travel turns spent in this place as a percentage of turns spent in this place.
 D = Turns resting spent in this place as a percentage of non-inter-level travel turns spent in this place.
 E = Turns spent auto-exploring this place as a percentage of non-inter-level travel turns spent in this place.
 F = Non-inter-level travel turns spent in this place divided by the number of levels of this place that you've seen.
                   A       B       C       D       E      F
               +-------+-------+-------+-------+-------+----------------------
         Total | 100.0 | 100.0 |   0.3 |   2.2 |   3.9 | 396.3
       Dungeon | 100.0 | 100.0 |   0.3 |   2.2 |   3.9 | 396.3
               +-------+-------+-------+-------+-------+----------------------

Table legend:
 A = Kills in this place as a percentage of kills in entire the game.
 B = Kills by you in this place as a percentage of kills by you in the entire game.
 C = Kills by friends in this place as a percentage of kills by friends in the entire game.
 D = Other kills in this place as a percentage of other kills in the entire game.
 E = Experience gained in this place as a percentage of experience gained in the entire game.
 F = Experience gained in this place divided by the number of levels of this place that you have seen.
                   A       B       C       D       E      F
               +-------+-------+-------+-------+-------+----------------------
         Total | 100.0 | 100.0 |  -nan |  -nan | 100.0 | 193.0
       Dungeon | 100.0 | 100.0 |  -nan |  -nan | 100.0 | 193.0
               +-------+-------+-------+-------+-------+----------------------
